 Dungeon Crawl Stone Soup version 0.23.1-37-gaa34b87 (webtiles) character file.

Game seed: 12494866684157485147

342 Fang the Skirmisher (level 6, -1/60 HPs)
             Began as a Gargoyle Berserker on Mar 21, 2019.
             Was a Believer of Trog.
             Slain by a worker ant (3 damage)
             ... on level 4 of the Dungeon.
             The game lasted 00:04:15 (3529 turns).

Fang the Skirmisher (Gargoyle Berserker)            Turns: 3529, Time: 00:04:15

Health: -1/60      AC:  6    Str: 27    XL:     6   Next: 57%
Magic:  6/6        EV: 12    Int:  8    God:    Trog [**....]
Gold:   143        SH:  0    Dex:  9    Spells: 5/5 levels left

rFire    . . .     SeeInvis .   a - +0 hand axe
rCold    . . .     Gourm    .   (no shield)
rNeg     + . .     Faith    .   b - +0 animal skin
rPois    ∞         Spirit   .   (no helmet)
rElec    +         Reflect  .   (no cloak)
rCorr    .         Harm     .   (no gloves)
MR       .....                  (no boots)
Stlth    ..........             (no amulet)
HPRegen  0.20/turn              (no ring)
MPRegen  0.10/turn              (no ring)

@: berserking, very quick
A: negative energy resistance 1, electricity resistance, unbreathing,
petrification resistance, rot immunity, AC +4
a: Berserk, Trog's Hand, Renounce Religion


You were on level 4 of the Dungeon.
You worshipped Trog.
Trog was pleased with you.
You were hungry.

You visited 1 branch of the dungeon, and saw 4 of its levels.

You collected 143 gold pieces.

Inventory:

Hand Weapons
 a - a +0 hand axe (weapon)
Armour
 b - a +0 animal skin (worn)
Jewellery
 p - an uncursed ring of wizardry {unknown}
Scrolls
 d - 5 scrolls of teleportation {unknown}
 e - 2 scrolls of random uselessness {unknown}
 g - 3 scrolls of identify {unknown}
 j - 2 scrolls of fog {unknown}
 n - 2 scrolls of remove curse {unknown}
 o - a scroll of fear {unknown}
 q - a scroll of enchant armour {unknown}
 s - a scroll of enchant weapon {unknown}
 v - a scroll of immolation {unknown}
Potions
 f - 2 potions of lignification {unknown}
 h - 2 potions of haste {unknown}
 k - 2 potions of brilliance {unknown}
 l - 2 potions of invisibility {unknown}
 m - a potion of berserk rage {unknown}
 r - 3 potions of curing {unknown}
 t - a potion of flight {unknown}
 u - 2 potions of might {unknown}
 w - a potion of heal wounds {unknown}
Comestibles
 c - 3 rations
 i - 2 chunks of flesh


   Skills:
 + Level 4.8 Fighting
 + Level 3.9 Axes
 + Level 4.2 Armour
 + Level 3.0 Dodging


You had 5 spell levels left.
You didn't know any spells.
Your spell library was empty.

Dungeon Overview and Level Annotations

Branches:
Dungeon (4/15)
 Temple: D:4-7

Altars:


Innate Abilities, Weirdness & Mutations

You are resistant to torment.
Your stone body is resilient. (AC +4)
You are immune to poison.
You resist negative energy. (rN+)
You are resistant to electric shocks. (rElec)
You can survive without breathing.
You are immune to petrification.
You are immune to rotting.


Message History

The centaur skeleton is severely damaged.
The centaur skeleton misses you.
You hit the centaur skeleton.
The centaur skeleton is almost destroyed.
The centaur skeleton hits you but does no damage.
You slash the centaur skeleton!
You destroy the centaur skeleton!
Trog accepts your kill.
You slash the worker ant!
The worker ant is severely wounded.
The worker ant bites you.
* * * LOW HITPOINT WARNING * * *
You closely miss the worker ant.
The worker ant is severely wounded.
The worker ant bites you.
* * * LOW HITPOINT WARNING * * *
You closely miss the worker ant.
The worker ant is severely wounded.
The worker ant bites you.
You die...

##### #####
##...## ##...##
#.....#####÷....#
#..8.........8..#
#.....#####..(..#
##...##...##...##
##.##.....##.##
#.# ......#)# +.#
..}...a@# #.#
......#.#
##.##.....##.#
##...##...# ...
#.....#####....
#..8.........8..
#.....#####.....
##÷..## ##...##
#####


You could see a worker ant.

Vanquished Creatures
  The ghost of Urgot the Skirmisher, an amateur DsAK of Lugonu (D:3)
  A bullfrog skeleton (D:4)
  A centaur skeleton (D:4)
  2 hounds
  An orc wizard (D:4)
  3 adders
  An ooze (D:1)
  A worm (D:3)
  2 dart slugs
  3 leopard geckos
  4 orcs
  3 ball pythons
  7 bats
  6 goblins
  9 hobgoblins
  4 jackals (D:3)
  6 kobolds (D:1)
  2 quokkas
  7 frilled lizards
  A jackal skeleton (D:4)
  6 rats
71 creatures vanquished.

Notes
Turn   | Place    | Note
-------+----------+-------------------------------------------
     0 | D:1      | Fang the Gargoyle Berserker began the quest for the Orb.
     0 | D:1      | Reached XP level 1. HP: 14/14 MP: 1/1
    99 | D:1      | Reached XP level 2. HP: 17/19 MP: 2/2
   427 | D:1      | Reached XP level 3. HP: 22/23 MP: 3/3
   924 | D:2      | Found a faded altar of an unknown god.
  1403 | D:3      | Reached ** piety under Trog
  1450 | D:3      | Reached XP level 4. HP: 28/29 MP: 4/4
  2771 | D:3      | Reached XP level 5. HP: 10/33 MP: 5/5
  3098 | D:3      | Noticed Urgot's ghost (amateur DsAK)
  3099 | D:3      | Found a runed translucent door.
  3345 | D:3      | Killed Urgot's ghost
  3465 | D:4      | Reached XP level 6. HP: 33/39 MP: 6/6
  3528 | D:4      | HP: 2/60 [worker ant (3)]
  3529 | D:4      | Slain by a worker ant

Skill      XL: |  1  2  3  4  5  6 |
---------------+-------------------+-----
Axes           | 3 |  3.9
Dodging        | 2 3 |  3.0
Armour         | 3 4 |  4.2
Fighting       | 4 |  4.8

Action                   |  1- 3 |  4- 6 || total
-------------------------+-------+-------++-------
Melee: Hand axe          |    93 |   228 ||   321
Invok: Berserk           |       |     4 ||     4
       Trog's Hand       |       |     2 ||     2
 Stab: Sleeping          |     3 |       ||     3
  Eat: Chunk             |     2 |     7 ||     9
       Ration            |       |     1 ||     1
Armor: Animal skin       |    24 |    82 ||   106
Dodge: Dodged            |    59 |   179 ||   238
